 Dungeon Crawl Stone Soup version 0.30.0-10-gfe55d96785 (webtiles) character file.

Game seed: 8408266111183106927

105 BillyBaka the Trooper (level 4, 0/29 HPs)
             Began as a Gargoyle Monk on May 16, 2023.
             Was a Follower of Uskayaw.
             Slain by a jelly (1 damage)
             ... on level 4 of the Dungeon.
             The game lasted 00:08:17 (2519 turns).

BillyBaka the Trooper (Gargoyle Monk)               Turns: 2519, Time: 00:08:19

Health: 0/29       AC:  5    Str: 19    XL:     4   Next: 83%
Magic:  4/4        EV: 10    Int: 12    God:    Uskayaw [*.....]
Gold:   161        SH:  0    Dex: 14    Spells: 3/3 levels left

rFire   . . .        g - +0 scimitar
rCold   . . .        d - orb {light}
rNeg    + . .        r - +0 scale mail of Disguise {rPois Str+4 Int+2 Stlth+}
rPois   ∞            (no helmet)
rElec   +            (no cloak)
rCorr   .            (no gloves)
SInv    .            (no boots)
Will    .....        (no amulet)
Stlth   +            (no ring)
HPRegen 0.24/turn    (no ring)
MPRegen 0.09/turn

%: no passive effects
@: corroded, glowing
A: sickness immunity, AC +3, negative energy resistance 1, electricity
resistance, torment resistance 1, petrification resistance
a: Renounce Religion, Stomp


You were on level 4 of the Dungeon.
You worshipped Uskayaw.
Uskayaw was noncommittal.
You visited 2 branches of the dungeon, and saw 5 of its levels.

You collected 161 gold pieces.

Inventory:

Hand Weapons
 g - a +0 scimitar (weapon)
Armour
 d - an orb of light (worn)
 r - the +0 scale mail of Disguise (worn) {rPois Str+4 Int+2 Stlth+}
   (You found it on level 2 of the Dungeon)

   Str:       It affects your strength (+4).
   Int:       It affects your intelligence (+2).
   rPois:     It protects you from poison.
   Stlth:     It makes you more stealthy.
Jewellery
 a - a ring of fire
Scrolls
 b - 2 scrolls of enchant armour {unknown}
 f - 5 scrolls of identify {unknown}
 i - 5 scrolls of blinking {unknown}
 j - 5 scrolls of magic mapping {unknown}
 n - a scroll of silence {unknown}
 o - a scroll of fear {unknown}
 p - 3 scrolls of poison {unknown}
 s - a scroll of brand weapon {unknown}
 u - a scroll of acquirement {unknown}
 w - a scroll of immolation {unknown}
Potions
 c - 2 potions of ambrosia
 e - a potion of brilliance {unknown}
 h - a potion of attraction {unknown}
 k - 2 potions of mutation {unknown}
 l - a potion of degeneration {unknown}
 m - a potion of flight {unknown}
 q - a potion of cancellation {unknown}
 t - a potion of curing {unknown}
 v - a potion of lignification {unknown}


   Skills:
 + Level 3.9 Fighting
 * Level 3.7 Long Blades
 + Level 2.9 Dodging
 + Level 2.1 Stealth


You had 3 spell levels left.
You didn't know any spells.
Your spell library contained the following spells:

 Spells                   Type           Power      Damage    Failure   Level
 Apportation              Tloc           0%         N/A       71%         1
 Necrotise                Necr           0%         1d4       71%         1
 Summon Small Mammal      Summ           0%         N/A       71%         1
 Portal Projectile        Hex/Tloc       0%         N/A       97%         3
 Tukima's Dance           Hex            0%         N/A       97%         3
 Blade Hands              Tmut           0%         N/A       100%        5


Dungeon Overview and Level Annotations

Branches:
Dungeon (4/15)             Temple (1/1) D:4

Altars:
Cheibriados
Dithmenos
Fedhas
Hepliaklqana
Kikubaaqudgha
Sif Muna
Uskayaw
Vehumet
Wu Jian
Xom
Yredelemnul
Zin
The Shining One


Innate Abilities, Weirdness & Mutations

You are immune to sickness and miasma.
Your stone body is resilient. (AC +3)
You are immune to poison.
You resist negative energy. (rN+)
You are resistant to electric shocks. (rElec)
You are resistant to unholy torment.
You are immune to petrification.


Message History

There is a staircase back to the Dungeon here.
Found two transporters.
Found a hide-covered altar of Uskayaw.
Found a glowing silver altar of Zin and a shimmering blue altar of Sif Muna.
There is a transporter landing site here.
Found an ornate altar of the Wu Jian Council.
Found a basalt altar of Yredelemnul.
There is a transporter here.
You enter the transporter and appear at another place.
Found a shimmering altar of Xom.
There is a transporter landing site here.
There is a transporter here.
You enter the transporter and appear at another place.
Found a radiant altar of Vehumet.
There is a transporter here.
You enter the transporter and appear at another place.
There is a hide-covered altar of Uskayaw here.
You offer a prayer to Uskayaw.
There is a transporter here.
You enter the transporter and appear at another place.
There is a staircase back to the Dungeon here.
You climb upwards.
Welcome back to the Dungeon!
There is a staircase to the Ecumenical Temple here.
You open the door.
There is an open door here.
A jelly comes into view.
There is a stone staircase leading down here.
The jelly quivers.
You slash the jelly! The acid corrodes you!
Your hands burn!
The jelly is severely wounded.
The jelly hits you.
You are splashed with acid!
You are too injured to fight recklessly!
You hit the jelly.
Your hands burn!
The jelly is almost dead.
The jelly hits you.
* * * LOW HITPOINT WARNING * * *
You are splashed with acid!
* * * LOW HITPOINT WARNING * * *
The jelly hits you.
You die...

....###.########<#
......<.# #>#
###.##### #.# #.#
#[# #.###### #.#
#......# #.#
#.####.# #.# ###
#.# #J# #.# #@#
#.# #.#######
###.###
###.......#
###'###
#..######.#
..####⌠.⌠#####.#
#....#.>.'....>#
######⌠.⌠####..#
####### ##.#
###.### #.#


You could see a jelly.

Vanquished Creatures
  Terence (D:3)
  3 adders
  3 dart slugs
  An orc (D:3)
  4 ball pythons
  2 bats
  5 endoplasms
  2 giant cockroaches
  8 goblins
  A hobgoblin (D:1)
  6 jackals
  2 quokkas
  5 kobolds
  A rat (D:1)
44 creatures vanquished.

Notes
Turn   | Place    | Note
-------+----------+-------------------------------------------
     0 | D:1      | BillyBaka the Gargoyle Monk began the quest for the Orb.
     0 | D:1      | Reached XP level 1. HP: 14/14 MP: 1/1
   193 | D:1      | Reached XP level 2. HP: 18/19 MP: 2/2
   541 | D:1      | Reached skill level 1 in Stealth
   739 | D:2      | Found a hide-covered altar of Uskayaw.
   784 | D:2      | Reached XP level 3. HP: 20/23 MP: 3/3
  1051 | D:2      | Identified the +0 scale mail of Disguise {rPois Str+4 Int+2
                  | Stlth+}
  1411 | D:2      | Became a worshipper of Uskayaw the Reveller
  1411 | D:2      | Reached * piety under Uskayaw
  1433 | D:3      | Reached ** piety under Uskayaw
  1544 | D:3      | Reached XP level 4. HP: 29/29 MP: 4/4
  2131 | D:3      | Noticed Terence
  2150 | D:3      | Killed Terence
  2453 | D:4      | Found a staircase to the Ecumenical Temple.
  2458 | Temple   | Entered the Ecumenical Temple
  2458 | Temple   | Found a transporter.
  2458 | Temple   | Found a transporter.
  2465 | Temple   | Found a transporter.
  2465 | Temple   | Found a transporter.
  2519 | D:4      | HP: 1/29 [acid (7)]
  2519 | D:4      | Slain by a jelly

Illustrated notes

Levels and vault maps discovered:
D:1:      wander_arrival_estate, layout_loops_cross
D:2:      layout_loops_corners, basic_altar
D:3:      layout_basic, ebering_dispersal_statue_hall, uniq_terence
D:4:      layout_loops_ring, mainiacjoe_overflow_alcove_2, temple_doors_e,
          uniq_edmund
Temple:   hellmonk_temple_divided_pantheon

Skill      XL: |  1  2  3  4 |
---------------+-------------+-----
Long Blades    | 3 |  3.7
Stealth        | 1 2 |  2.1
Fighting       | |  3.9
Dodging        | |  2.9

Action                     |  1- 3 |  4- 6 || total
---------------------------+-------+-------++-------
  Melee: Falchion          |     5 |       ||     5
         Scimitar          |    53 |    40 ||    93
 Armour: Robe              |    10 |       ||    10
         Scale mail        |     5 |    14 ||    19
  Dodge: Dodged            |    38 |    19 ||    57
